 Dungeon Crawl Stone Soup version 0.31-a0-229-g1fc7ce93e2 (webtiles) character file.

Game seed: 8497302792838336923

44 innerfire43 the Trooper (level 3, -6/29 HPs)
             Began as a Demonspawn Monk on July 6, 2023.
             Mangled by a gnoll
             ... wielding a +0 halberd
              (10 damage)
             ... on level 2 of the Dungeon.
             The game lasted 00:01:13 (1114 turns).

innerfire43 the Trooper (Demonspawn Monk)           Turns: 1114, Time: 00:01:13

Health: -6/29      AC:  4    Str: 13    XL:     3   Next: 41%
Magic:  3/3        EV: 13    Int: 11    God:
Gold:   101        SH:  0    Dex: 15    Spells: 2/2 levels left

rFire   . . .        g - +2 dagger (elec)
rCold   . . .        d - orb {light}
rNeg    . . .        b - +0 robe
rPois   .            l - +2 hat
rElec   .            (no cloak)
rCorr   .            (no gloves)
SInv    .            (no boots)
Will    .....        (no amulet)
Stlth   +            (no ring)
HPRegen 0.24/turn    (no ring)
MPRegen 0.08/turn

%: no passive effects
@: glowing
A: horns 1, powered by death 1
a: no special abilities


You were on level 2 of the Dungeon.
You visited 1 branch of the dungeon, and saw 2 of its levels.

You collected 101 gold pieces.

Inventory:

Hand Weapons
 a - a +0 hand axe
 g - a +2 dagger of electrocution (weapon)
Armour
 b - a +0 robe (worn)
 d - an orb of light (worn)
 l - a +2 hat (worn)
Scrolls
 e - 3 scrolls of teleportation {unknown}
 f - a scroll of noise {unknown}
 i - a scroll of revelation {unknown}
 m - a scroll of fear {unknown}
 n - a scroll of enchant armour {unknown}
Potions
 c - a potion of ambrosia
 h - 2 potions of heal wounds {unknown}
 j - a potion of curing {unknown}
 k - 2 potions of lignification {unknown}


   Skills:
 * Level 3.4 Fighting
 * Level 1.4 Short Blades
 - Level 2.8 Axes
 + Level 3.1 Dodging


You had 2 spell levels left.
You didn't know any spells.
Your spell library contained the following spells:

 Spells                   Type           Power      Damage    Failure   Level
 Shock                    Conj/Air       0%         1d3       34%         1
 Swiftness                Air            0%         N/A       71%         3
 Airstrike                Air            0%         2d(0-16)  98%         4


Dungeon Overview and Level Annotations

Branches:
Dungeon (2/15)

Altars:


Innate Abilities, Weirdness & Mutations

You have a pair of small horns on your head.
You regenerate a little health from kills.


Message History

You kill the ball python!
Key pressed, stopping explore.
No target in view!
No target in view!
HP restored.
You now have 101 gold pieces (gained 17).
n - a scroll labelled BAWUAN FOHYR No target in view!
A gnoll comes into view. It is wielding a +0 halberd.
Found a stone staircase leading down.
The gnoll shouts!
You hear a shout! x2
A gnoll comes into view. It is wielding a +0 halberd.
A gnoll comes into view. It is wielding a +0 whip.
The gnoll throws a throwing net.
The throwing net hits you.
You become entangled in the net!
You see here a throwing net.
There are monsters nearby!
You are held in a net!
There are monsters nearby!
You are held in a net!
You are held in a net!
Unknown command.
The gnoll hits you from afar with a +0 halberd.
You are held in a net!
The gnoll completely misses you.
You tear a large gash into the net.
The gnoll barely misses you.
You struggle against the net.
The gnoll hits you from afar with a +0 halberd!
You shred the net and break free!
The gnoll hits you from afar with a +0 halberd.
The gnoll barely misses you. The gnoll hits you with a +0 halberd!
You hit the gnoll. You headbutt the gnoll.
The gnoll is heavily wounded.
The gnoll hits you from afar with a +0 halberd.
* * * LOW HITPOINT WARNING * * *
The gnoll barely misses you.
You barely miss the gnoll.
The gnoll is heavily wounded.
The gnoll hits you from afar with a +0 halberd!
You die...

# .... ..#.# ##..
..#.# #.# ##≈ .##.#
.####≈≈§ #.#
..≈≈≈≈≈. #.#
........ #.#
.#.##### # #.# ...##
##.##g###.#
#...####......gg@..#
...............#####
#...####.##>## ##.##
#.# ##.#####.#
.........#
##<.......
##########


You could see 3 gnolls.

Vanquished Creatures
  An adder (D:2)
  A dart slug (D:2)
  An endoplasm (D:1)
  6 goblins (D:1)
  6 hobgoblins
  A kobold (D:1)
  A quokka (D:2)
  4 ball pythons
  5 bats
  3 frilled lizards
  4 rats
33 creatures vanquished.

Notes
Turn   | Place    | Note
-------+----------+-------------------------------------------
     0 | D:1      | innerfire43 the Demonspawn Monk began the quest for the
                  | Orb.
     0 | D:1      | Reached XP level 1. HP: 18/18 MP: 1/1
    55 | D:1      | Gained mutation: You have a pair of small horns on your
                  | head. [demonic ancestry]
    55 | D:1      | Reached XP level 2. HP: 12/24 MP: 2/2
   582 | D:2      | Reached skill level 1 in Short Blades
   658 | D:2      | Gained mutation: You regenerate a little health from kills.
                  | [demonic ancestry]
   658 | D:2      | Reached XP level 3. HP: 29/29 MP: 3/3
  1114 | D:2      | Mangled by a gnoll

Illustrated notes

Levels and vault maps discovered:
D:1:      nzn_arrival_crosshair, layout_basic
D:2:      layout_loops_ring, chequers_serial_rivers_micro_d,
          grunt_decor_junction, minmay_hedge_maze

Skill      XL: |  1  2 |
---------------+-------+-----
Dodging        | 3 |  3.1
Short Blades   | 1 |  1.4
Fighting       | |  3.4
Axes           | |  2.8

Action                     || total
---------------------------++-------
  Melee: Hand axe          ||    17
         Dagger            ||    51
         Headbutt          ||    13
 Armour: Robe              ||    17
  Dodge: Dodged            ||    44

Table legend: (Time is in decaauts)
 A = Elapsed time spent in this place.
 B = Non-inter-level travel time spent in this place.
 C = Inter-level travel time spent in this place.
 D = Time resting spent in this place.
 E = Time spent auto-exploring this place.
 F = Levels seen in this place.
 G = Mean time per level.
                   A        B        C        D        E       F      G
               +--------+--------+--------+--------+--------+-----+--------+
         Total |   1114 |   1101 |     13 |      0 |    903 |   2 |  557.0 |
       Dungeon |   1114 |   1101 |     13 |      0 |    903 |   2 |  557.0 |
               +--------+--------+--------+--------+--------+-----+--------+

Top non-repeatable levels by time:
     D:2: 578 daAuts
     D:1: 536 daAuts
